 Dungeon Crawl Stone Soup version 0.27-a0-1140-g099f9bb0e8 (webtiles) character file.

Game seed: 15594215344403456678

111 voltaire321 the Shield-Bearer (level 4, -1/41 HPs)
             Began as a Minotaur Fighter on May 8, 2021.
             Slain by a hobgoblin (3 damage)
             ... led by Robin
             ... on level 1 of the Dungeon.
             The game lasted 00:02:53 (1282 turns).

voltaire321 the Shield-Bearer (Minotaur Fighter)    Turns: 1282, Time: 00:02:54

Health: -1/41      AC:  9    Str: 20    XL:     4   Next: 62%
Magic:  3/3        EV:  6    Int:  6    God:
Gold:   119        SH:  9    Dex: 10    Spells: 3/3 levels left

rFire    . . .     SeeInvis .   a - +0 war axe
rCold    . . .     Faith    .   c - +0 kite shield
rNeg     . . .     Spirit   .   f - +0 chain mail
rPois    .         Reflect  .   (helmet restricted)
rElec    .         Harm     .   (no cloak)
rCorr    .         Rampage  .   (no gloves)
Will     .....                  (no boots)
Stlth    ..........             (no amulet)
HPRegen  0.13/turn              (no ring)
MPRegen  0.08/turn              (no ring)

@: no status effects
A: horns 2, retaliatory headbutt
a: no special abilities


You were on level 1 of the Dungeon.
You visited 1 branch of the dungeon, and saw 2 of its levels.

You collected 119 gold pieces.

Inventory:

Hand Weapons
 a - a +0 war axe (weapon)
Armour
 c - a +0 kite shield (worn)
 f - a +0 chain mail (worn)
Scrolls
 b - a scroll of torment {unknown}
 e - a scroll of amnesia {unknown}
 g - a scroll of enchant armour {unknown}
Potions
 d - a potion of might


   Skills:
 + Level 4.3 Fighting
 + Level 3.3 Axes
 + Level 4.3 Armour
 + Level 1.9 Dodging
 + Level 4.3 Shields


You had 3 spell levels left.
You didn't know any spells.
Your spell library contained the following spells:

 Spells                   Type           Power      Damage    Failure   Level
 Corona                   Hex            0%         N/A       100%        1
 Freeze                   Ice            0%         1d3       100%        1
 Shock                    Conj/Air       0%         1d3       100%        1
 Sting                    Tmut/Pois      0%         1d3       100%        1
 Summon Small Mammal      Summ           0%         N/A       100%        1


Dungeon Overview and Level Annotations

Branches:
Dungeon (2/15)

Altars:

Annotations:
D:2 Robin


Innate Abilities, Weirdness & Mutations

You have a pair of horns on your head.
You reflexively headbutt those who attack you in melee.


Message History

You block the goblin's attack. You block the hobgoblin's attack.
You hit the goblin.
You kill the goblin!
You barely miss the goblin. You closely miss the goblin.
You closely miss the hobgoblin.
You feel sick.
The hobgoblin no longer looks unusually strong.
The goblin hits you but does no damage. The hobgoblin closely misses you.
Robin roars a battlecry!
The hobgoblin goes into a battle-frenzy!
The goblin hits you with a +0 dagger.
* * * LOW HITPOINT WARNING * * *
You block the goblin's attack.
You slash the goblin!
You kill the goblin!
You miss the goblin. You slash the goblin!
You kill the goblin!
You barely miss the hobgoblin.
You feel sick. The goblin hits you with a +0 dagger.
* * * LOW HITPOINT WARNING * * *
You block the hobgoblin's attack. The goblin hits you but does no damage.
You block the hobgoblin's attack. The endoplasm barely misses you.
You furiously retaliate!
You headbutt the endoplasm.
You feel sick.
Items here: ( ))))) ††††.
You feel sick.
You are no longer poisoned.
The goblin no longer looks unusually strong.
You hear a zap.
You hear a grinding noise.
Robin throws the goblin at you! The goblin hits you but does no damage.
There is a stone staircase leading up here.
Robin zaps a wand.
You hear a grinding noise.
The goblin barely misses you.
You climb upwards.
There is a stone staircase leading down here.
You hit the goblin but do no damage. You hit the hobgoblin.
The hobgoblin hits you.
* * * LOW HITPOINT WARNING * * *
The goblin hits you but does no damage. The hobgoblin hits you.
You die...

################ #.... #....
#.... ############# #####
######.....<.....###### #
#####.....................######
##...........###'###...........##
......##'###'##.g.##'###'##......
...#'##...#...#.@.#...#...##'#...
.###..#...#...#.g.#...#..)#..###.
'##...#...##.#######.##...#...##'
..#...#...#### ####...#...#..
..#...#...# #...#...#..
≈≈#≈≈≈#≈≈≈# #≈≈≈#≈≈≈#≈≈
≈≈#≈≈≈#≈≈≈# #≈≈≈#≈≈≈#≈≈
§§#§≈≈#≈≈≈# #≈≈≈#≈≈≈#≈≈
≈≈#§§≈#≈§≈## ##≈≈≈#≈≈≈#≈.


You could see a hobgoblin (strong) and a goblin.

Vanquished Creatures
  Jessica (D:2)
  3 adders (D:2)
  2 dart slugs
  2 bats (D:1)
  2 endoplasms (D:2)
  2 giant cockroaches (D:2)
  17 goblins
  2 hobgoblins
  2 jackals (D:1)
  3 quokkas (D:2)
  2 ball pythons (D:2)
  2 frilled lizards
  4 kobolds
  8 rats
52 creatures vanquished.

Notes
Turn   | Place    | Note
-------+----------+-------------------------------------------
     0 | D:1      | voltaire321 the Minotaur Fighter began the quest for the
                  | Orb.
     0 | D:1      | Reached XP level 1. HP: 19/19 MP: 0/0
   355 | D:1      | Reached XP level 2. HP: 26/27 MP: 1/1
   412 | D:1      | Found a faded altar of an unknown god.
   788 | D:2      | Reached skill level 1 in Dodging
   788 | D:2      | Noticed Jessica
   803 | D:2      | Killed Jessica
   804 | D:2      | Reached XP level 3. HP: 22/33 MP: 2/2
   899 | D:2      | Identified Takhlom's Sorcery for Novices
   966 | D:2      | Reached XP level 4. HP: 40/40 MP: 3/3
  1260 | D:2      | Noticed Robin
  1273 | D:2      | HP: 2/41 [poisoned by a goblin]
  1282 | D:1      | HP: 2/41 [hobgoblin[Robin] (1)]
  1282 | D:1      | Slain by a hobgoblin

Illustrated notes

Levels and vault maps discovered:
D:1:      dpeg_arrival_water_fire, layout_basic,
          hellmonk_ecumenical_altar_run_dry, minmay_indecisive_spiral
D:2:      minmay_diamond_boxcup, layout_rooms, interstate_on_off, uniq_jessica,
          uniq_robin, uniq_natasha

Skill      XL: |  1  2 |
---------------+-------+-----
Dodging        | 1 |  1.9
Fighting       | 4 |  4.3
Axes           | 3 |  3.3
Armour         | 4 |  4.3
Shields        | 4 |  4.3

Action                   |  1- 3 |  4- 6 || total
-------------------------+-------+-------++-------
Melee: War axe           |    74 |    36 ||   110
       Headbutt          |     7 |     3 ||    10
Armor: Chain mail        |    48 |    26 ||    74
       Scale mail        |     5 |       ||     5
Dodge: Dodged            |    21 |    13 ||    34
Block: Kite shield       |    43 |    38 ||    81

Table legend: (Time is in decaauts)
 A = Elapsed time spent in this place.
 B = Non-inter-level travel time spent in this place.
 C = Inter-level travel time spent in this place.
 D = Time resting spent in this place.
 E = Time spent auto-exploring this place.
 F = Levels seen in this place.
 G = Mean time per level.
                   A        B        C        D        E       F      G
               +--------+--------+--------+--------+--------+-----+--------+
         Total |   1350 |   1303 |     47 |     79 |    912 |   2 |  675.0 |
       Dungeon |   1350 |   1303 |     47 |     79 |    912 |   2 |  675.0 |
               +--------+--------+--------+--------+--------+-----+--------+

Top non-repeatable levels by time:
     D:1: 805 daAuts
     D:2: 544 daAuts
